AoeStats
← KimiJay

Arabia

509898005Analyzed
1v1 RM · 5d ago on Sep 28, 2026· 48m 20s· 2 players
Game mode
Random Map
Map size
Tiny (2 player)
Population
200
Speed
Normal
Resources
Standard
Victory
Conquest
Starting age
Dark Age
Ending age
Imperial Age
RankedLock teamsTeams togetherTeam positionsShared explorationLock speedFull tech treeHidden civsTurbo modeCheats
Victory
Defeat
🇲🇽 Italians · Mexico
987
+17
🇨🇿 Vikings · Czechia
1014
-17
KimiJay
7:14 Loom
10:06 Feudal Age
11:29 Double-Bit Axe
13:22 Horse Collar
13:42 Man-at-Arms
14:33 Scale Mail Armor
19:58 Castle Age
19:33 Fletching
20:49 Long Swordsman
22:58 Crossbowman
26:11 Town Watch
27:47 Bodkin Arrow
28:40 Fervor
29:00 Bow Saw
28:52 Heavy Plow
29:17 Squires
30:09 Forging
32:36 Arson
33:57 Town Patrol
35:54 Padded Archer Armor
38:41 Imperial Age
37:42 Leather Archer Armor
38:49 Chain Mail Armor
38:03 Pikeman
39:03 Chieftains
39:07 Arbalester
40:50 Conscription
41:32 Plate Mail Armor
41:37 Iron Casting
41:50 Elite Berserk
44:19 Bracer
45:34 Ring Archer Armor
46:13 Chemistry
45:34 Ballistics
46:12 Pikeman
47:30 Iron Casting
sinaimontesinos82
3:42 Loom
13:34 Feudal Age
14:52 Horse Collar
19:36 Castle Age
17:51 Fletching
18:08 Double-Bit Axe
20:13 Padded Archer Armor
20:02 Crossbowman
20:48 Thumb Ring
21:31 Bodkin Arrow
24:42 Scale Barding Armor
25:20 Wheelbarrow
25:53 Chain Barding Armor
26:28 Forging
26:54 Husbandry
27:26 Gold Mining
27:54 Bloodlines
29:29 Iron Casting
31:46 Hand Cart
31:45 Bow Saw
31:38 Heavy Plow
35:44 Imperial Age
33:34 Stone Mining
33:47 Town Watch
34:05 Squires
34:25 Leather Archer Armor
36:45 Stone Shaft Mining
36:43 Town Patrol
36:31 Arbalester
37:27 Bracer
38:40 Ballistics
39:20 Chemistry
40:51 Plate Barding Armor
41:59 Two-Man Saw
41:49 Conscription
41:41 Treadmill Crane
43:02 Chemistry
41:41 Cavalier
44:37 Ring Archer Armor
45:08 Blast Furnace
44:21 Masonry
44:06 Murder Holes
44:44 Pirotechnia
47:47 Elite Genoese Crossbowman
49:03 Hoardings
Connection lost

Rejoining the realm…

Still unreachable

The connection could not be restored.

Session expired

The server has moved on; the page needs a fresh start.